Description

This is a normal battlecruiser rush.

Replay - Battlecruiser rush

Build Order

Get SALT Encoding   

  12  0:00  SCV  
  13  0:13  SCV  
  14  0:24  Supply Depot  
  14  0:28  SCV  
  14  0:35  Refinery  
  15  0:45  SCV  
  16  0:59  Barracks  
  16  1:07  SCV  
  17  1:14  Refinery  
  17  1:20  SCV  
  18  1:32  SCV  
  19  1:49  Orbital Command  
  19  1:55  Reaper  
  20  2:05  Factory  
  20  2:15  Supply Depot  
  20  2:19  SCV  
  21  2:27  Reaper  
  22  2:31  SCV  
  23  3:04  Hellion  
  25  3:33  SCV  
  26  3:50  Command Center  
  26  4:03  Starport  
  26  4:06  Reaper  
  27  4:20  Supply Depot  
  27  4:23  Hellion  
  29  4:47  Refinery  
  29  4:58  Barracks Reactor  
  29  5:18  Fusion Core  
  29  5:29  Starport Tech Lab  
  29  6:24  Marine  
  31  6:42  Marine  
  31  6:44  Factory Tech Lab  
  33  6:59  Battlecruiser  
  36  7:44  Cyclone  
  36  8:04  Battlecruiser  
  38  8:16  Cyclone  
  41  8:37  Orbital Command, Weapon Refit  
  41  8:48  Cyclone  
  44  9:19  Supply Depot  
  44  9:41  Battlecruiser  
  44  9:43  Starport  
  35  10:25  Cyclone  
  38  10:39  Starport Tech Lab  
  38  10:45  Battlecruiser  
  44  10:57  Cyclone  
  47  11:38  Battlecruiser  
  50  12:20  Orbital Command  
  41  12:27  Battlecruiser  
  45  14:21  Battlecruiser  
  33  17:21  Battlecruiser x2  
  39  17:29  Cyclone  
  48  17:36  Supply Depot  
  48  18:01  Cyclone  
  52  18:33  Cyclone  
  53  19:04  Battlecruiser  
  53  19:05  Cyclone  
  41  21:54  Cyclone  
  50  22:26  Banshee  
  58  22:58  Hellion  
  60  23:20  Hellion  
  62  23:41  Hellion  
Spawning Tool Build Advisor. Get it on Overwolf

Go to:

Details

  • Created by: Grillbottom
  • Published on: May 06, 2020
  • Modified on: May 06, 2020
  • Patch: 4.11.0
Show
View Real Time Build Order
Export as new Build Order

Comments (0)

There are no comments. Be the first!

Create an account to comment!